 Dungeon Crawl Stone Soup version 0.29-a0-113-g078de9bc30 (webtiles) character file.

Game seed: 17638882562761274113

27002 drugrobin the Spear-Bearer (level 12, -3/160 HPs)
             Began as a Demigod Warper on Feb 18, 2022.
             Slain by a bone dragon (18 damage)
             ... on level 3 of the Abyss.
             The game lasted 01:28:27 (20383 turns).

drugrobin the Spear-Bearer (Demigod Warper)        Turns: 20383, Time: 01:28:28

Health: -3/160     AC: 14    Str: 20    XL:     12   Next: 65%
Magic:  10/22      EV: 17    Int: 19    God:
Gold:   382        SH:  0    Dex: 21    Spells: 5/20 levels left

rFire   . . .      SeeInvis +   a - +1 halberd
rCold   . . .      Faith    .   (shield currently unavailable)
rNeg    + . .      Spirit   .   S - +3 robe of Icin {Fly Regen+ rCorr}
rPois   +          Reflect  .   V - +0 helmet
rElec   +          Harm     .   Z - +0 cloak of the Lair of Beasts {rElec rPois SInv}
rCorr   +          Rampage  .   t - +1 pair of gloves "Cefar" {rN+ Stlth+}
Will    +....      Clarity  +   w - +0 pair of boots
Stlth   ..........              m - amulet of regeneration
HPRegen 1.96/turn               v - +4 ring of protection
MPRegen 0.18/turn               G - ring of wizardry

@: berserking, flying, very quick
A: high MP 1, forlorn, divine attributes, thin skeletal structure 1, agile 1,
clarity
a: no special abilities


You were on level 3 of the Abyss.
You visited 1 branch of the dungeon, and saw 14 of its levels.
You visited the Abyss 1 time.
You also visited: Sewer.

You collected 758 gold pieces.
You spent 376 gold pieces at shops.

Inventory:

Hand Weapons
 a - a +1 halberd (weapon)
 c - a +1 short sword of venom
 X - a +4 scimitar of flaming
Missiles
 s - 5 boomerangs (quivered)
 y - 36 poisoned darts
 T - 5 curare-tipped darts
Armour
 t - the +1 pair of gloves "Cefar" (worn) {rN+ Stlth+}
   (You found it on level 3 of the Dungeon)

   rN:        It protects you from negative energy.
   Stlth:     It makes you more stealthy.
 w - a +0 pair of boots (worn)
 D - a +3 leather armour of fire resistance
 S - the +3 robe of Icin (worn) {Fly Regen+ rCorr}
   (You took it off an efreet on level 13 of the Dungeon)

   Fly:       It grants you flight.
   Regen:     It increases your rate of health regeneration.
   rCorr:     It protects you from acid and corrosion.
 V - a +0 helmet (worn)
 Z - the +0 cloak of the Lair of Beasts (worn) {rElec rPois SInv}
   (You bought it in a shop on level 5 of the Dungeon)

   rElec:     It insulates you from electricity.
   rPois:     It protects you from poison.
   SInv:      It lets you see invisible.
Jewellery
 b - a ring of protection from fire
 i - a ring of ice
 l - a ring of protection from cold
 m - an amulet of regeneration (around neck)
 q - a ring of willpower
 v - a +4 ring of protection (left hand)
 G - a ring of wizardry (right hand)
 M - an amulet of guardian spirit
Wands
 f - a wand of mindburst (2)
 g - a wand of polymorph (12)
 B - a wand of iceblast (5)
 I - a wand of acid (15)
 K - a wand of charming (8)
 O - a wand of flame (33)
Scrolls
 h - a scroll of vulnerability {unknown}
 j - 2 scrolls of brand weapon {unknown}
 n - 2 scrolls of immolation {unknown}
 o - 2 scrolls of enchant armour {unknown}
 p - 2 scrolls of blinking
 x - a scroll of holy word {unknown}
 F - 3 scrolls of fear {unknown}
 N - 2 scrolls of magic mapping {unknown}
 U - 2 scrolls of summoning {unknown}
Potions
 k - 2 potions of resistance
 u - 7 potions of brilliance
 z - 3 potions of might
 A - 2 potions of magic
 C - 4 potions of heal wounds
 E - 5 potions of haste
 J - 4 potions of curing
 P - a potion of ambrosia
 R - 3 potions of attraction {unknown}
 W - 5 potions of lignification {unknown}
 Y - 4 potions of flight {unknown}


   Skills:
 + Level 10.4 Fighting
 + Level 13.3 Polearms
 - Level 0.8 Throwing
 - Level 0.8 Armour
 + Level 7.1 Dodging
 + Level 3.0 Stealth
 - Level 4.6 Spellcasting
 - Level 4.7 Conjurations
 - Level 5.9 Translocations
 - Level 2.9 Fire Magic


You had 5 spell levels left.
You knew the following spells:

 Your Spells              Type           Power      Damage    Failure   Level
a - Blink                 Tloc           54%        N/A       1%          2
b - Teleport Other        Tloc           27%        N/A       1%          3
c - Mephitic Cloud        Conj/Pois/Air  10%        N/A       9%          3
d - Ignite Poison         Fire/Tmut/Pois 8%         N/A       11%         3
e - Sticky Flame          Conj/Fire      19%        2d4       11%         4

Your spell library contained the following spells:

 Spells                   Type           Power      Damage    Failure   Level
 Gell's Gravitas          Tloc           27%        N/A       1%          3
 Lesser Beckoning         Tloc           27%        N/A       1%          3
 Static Discharge         Conj/Air       13%        N/A       3%          2
 Sandblast                Erth           8%         2d5       5%          1
 Passwall                 Tmut/Erth      3%         N/A       9%          2
 Sublimation of Blood     Necr           4%         N/A       9%          2
 Manifold Assault         Tloc           27%        N/A       12%         5
 Confusing Touch          Hex            4%         N/A       16%         3
 Dispel Undead            Necr           4%         3d7       45%         4
 Petrify                  Tmut/Erth      4%         N/A       45%         4
 Irradiate                Conj/Tmut      6%         3d15      45%         5
 Freezing Cloud           Conj/Ice/Air   5%         6-21      56%         5
 Lee's Rapid Deconstruct  Erth           2%         3d5*      78%         5
 Yara's Violent Unravell  Hex/Tmut       2%         3d3       78%         5
 Iron Shot                Conj/Erth      6%         9d2       95%         6
 Eringya's Noxious Bog    Tmut/Pois      2%         N/A       100%        6
 Enfeeble                 Hex            2%         N/A       100%        7
 Storm Form               Tmut/Air       2%         N/A       100%        7


Dungeon Overview and Level Annotations

Branches:
Dungeon (14/15)            Temple (0/1) D:5            Lair (0/6) D:8
    Orc (0/2) D:9           Sewer (visited)
 Vaults: D:13-14

Shops:
D:2 (   D:5 (*[:   D:10 (   D:11 !

Annotations:
D:11 Erolcha
D:14 exclusions: death knight, 2 freezing wraiths and wraith


Innate Abilities, Weirdness & Mutations

You have an increased reservoir of magic. (+10% MP)
You shall have no god before yourself.
Your divine heritage dramatically boosts your attributes as you level up.
You have a somewhat thin skeletal structure. (Dex +2, Stealth+)
You are agile. (Dex +2)
You possess an exceptional clarity of mind.


Message History

The bone dragon completely misses you. The bone dragon tramples you!
* * * LOW HITPOINT WARNING * * *
You hold your ground!
Unknown command.
You puncture the bone dragon!
The bone dragon is lightly damaged.
Unknown command.
Unknown command.
You hit the bone dragon.
The bone dragon is lightly damaged.
The bone dragon misses you. The bone dragon claws you!
* * * LOW HITPOINT WARNING * * *
The bone dragon tramples you!
* * * LOW HITPOINT WARNING * * *
You hold your ground!
Unknown command.
You puncture the bone dragon!
The bone dragon is lightly damaged.
Unknown command.
Unknown command.
Unknown command.
You puncture the bone dragon!
The bone dragon is moderately damaged.
The bone dragon bites you but does no damage.
The bone dragon closely misses you. The bone dragon tramples you!
* * * LOW HITPOINT WARNING * * *
You hold your ground!
Unknown command.
Unknown command.
Unknown command.
Unknown command.
You puncture the bone dragon!
The bone dragon is moderately damaged.
Unknown command.
Unknown command.
Unknown command.
You slash the bone dragon!
The bone dragon is moderately damaged.
The bone dragon bites you!!
You die...

#####
#...#
#@D.#
#...#
#..##
#?##
###


You could see a bone dragon.

Vanquished Creatures
  A tentacled starspawn (Abyss:3)
  Snorg (D:11)
  A catoblepas (D:13)
  3 boulder beetles
  A hydra (D:14)
  4 two-headed ogres
  Erica (D:9)
  A thrashing horror (Abyss:3)
  Sonja (D:10)
  A sixfirhy (Abyss:3)
  A necromancer (D:14)
  A deep elf pyromancer (D:13)
  9 ugly things
  2 cyclopes
  A smoke demon (Abyss:3)
  Joseph (D:9)
  A gargoyle (D:12)
  An unseen horror (D:10)
  3 efreet
  A freezing wraith (D:13)
  4 yaktaurs (D:12)
  A troll (D:12)
  10 slime creatures
  2 air elementals (Abyss:3)
  A centaur simulacrum (D:14)
  5 yaks
  A fire bat (D:11)
  4 wraiths
  A ynoxinul (Abyss:3)
  A basilisk (D:14)
  7 vampire mosquitoes
  9 humans (D:14)
  A steam dragon (D:8)
  Edmund (D:6)
  3 water moccasins
  2 small abominations (Abyss:3)
  Duvessa (D:7)
  3 black bears (D:7)
  2 ice beasts (D:8)
  2 orc warriors
  3 ogres
  2 sky beasts
  A phantom (D:5)
  8 centaurs
  3 kobold brigands
  3 bullfrogs
  A gnoll sergeant (D:8)
  A wyvern zombie (D:8)
  5 scorpions
  Dowan (D:7)
  A water moccasin skeleton (D:5)
  10 killer bees
  2 howler monkeys (D:9)
  A bullfrog zombie (D:5)
  6 centaur zombies
  2 hounds
  A quasit (Abyss:3)
  A jelly (D:3)
  A gnoll shaman (D:8)
  5 orc priests
  2 iguanas (D:5)
  14 orc wizards
  A killer bee zombie (D:7)
  A howler monkey skeleton (D:7)
  10 adders
  8 gnolls
  8 river rats (Sewer)
  3 shadow imps
  3 white imps
  3 ufetubi
  2 dart slugs
  28 orcs
  10 endoplasms
  6 giant cockroaches
  7 hobgoblins
  2 quokkas
  9 ball pythons
  3 bats
  6 frilled lizards
  5 goblins
  27 kobolds
  27 rats
  2 starspawn tentacles (Abyss:3)
342 creatures vanquished.

Vanquished Creatures (others)
  A small abomination (Abyss:3)
  A quasit (Abyss:3)
  5 fungi (D:8)
  2 plants (D:8)
  2 starspawn tentacles (Abyss:3)
11 creatures vanquished.

Grand Total: 353 creatures vanquished

Notes
Turn   | Place    | Note
-------+----------+-------------------------------------------
     0 | D:1      | drugrobin the Demigod Warper began the quest for the Orb.
     0 | D:1      | Reached XP level 1. HP: 17/17 MP: 5/5
    46 | D:1      | Reached skill level 2 in Polearms
  1215 | D:1      | Reached XP level 2. HP: 20/24 MP: 7/7
  1690 | D:2      | Found Ugerphy's Weapon Shop.
  1832 | D:2      | Reached skill level 3 in Polearms
  1965 | D:2      | Noticed an ogre
  2353 | D:2      | Reached skill level 1 in Stealth
  2353 | D:2      | Reached XP level 3. HP: 21/29 MP: 8/8
  2953 | D:2      | Learned a level 2 spell: Blink
  2957 | D:2      | Learned a level 3 spell: Teleport Other
  3150 | D:3      | Identified the +1 pair of gloves "Cefar" {rN+ Stlth+}
  3176 | D:3      | Identified the +4 scale mail of Hangman {-Tele rElec rF++}
  3452 | D:3      | Found a glowing drain.
  3480 | D:3      | Reached XP level 4. HP: 28/36 MP: 9/9
  3501 | Sewer    | Entered a sewer
  3842 | Sewer    | Reached XP level 5. HP: 41/41 MP: 10/10
  3940 | Sewer    | Reached skill level 4 in Polearms
  4243 | Sewer    | Reached XP level 6. HP: 46/48 MP: 11/11
  5182 | D:4      | Reached skill level 5 in Polearms
  5616 | D:4      | Reached XP level 7. HP: 49/56 MP: 12/12
  6250 | D:4      | Learned a level 3 spell: Mephitic Cloud
  6261 | D:5      | Entered Level 5 of the Dungeon
  6383 | D:5      | Reached skill level 1 in Conjurations
  6572 | D:5      | Reached skill level 6 in Polearms
  6631 | D:5      | Reached skill level 5 in Translocations
  6772 | D:5      | Reached XP level 8. HP: 56/63 MP: 13/13
  6786 | D:5      | Found Suqoroh's Gadget Gallery.
  6823 | D:5      | Found Usennum's Armour Shoppe.
  6865 | D:5      | Found Daryivis's Weapon Boutique.
  6989 | D:5      | Found Roplas's Book Shop.
  7375 | D:5      | Found a staircase to the Ecumenical Temple.
  8192 | D:6      | Noticed Edmund
  8209 | D:6      | Killed Edmund
  8210 | D:6      | Reached skill level 7 in Polearms
  8358 | D:6      | Identified the +7 whip of Growth {flame, Int+3 Dex+4}
  9257 | D:7      | Noticed Dowan
  9399 | D:7      | Noticed Duvessa
  9401 | D:7      | Killed Dowan
  9518 | D:7      | Killed Duvessa
  9641 | D:7      | Reached XP level 9. HP: 51/72 MP: 13/15
  9986 | D:7      | Reached skill level 8 in Polearms
 10062 | D:8      | Reached skill level 5 in Fighting
 10686 | D:8      | Reached skill level 9 in Polearms
 11082 | D:8      | Found the +6 shillelagh "Devastator" {shatter}
 11246 | D:8      | Found a staircase to the Lair.
 11375 | D:8      | Noticed a two-headed ogre
 11385 | D:8      | Killed a two-headed ogre
 11386 | D:8      | Reached XP level 10. HP: 47/83 MP: 13/19
 11581 | D:9      | Found a staircase to the Orcish Mines.
 11606 | D:9      | Noticed Erica
 11827 | D:9      | Killed Erica
 11828 | D:9      | Reached skill level 10 in Polearms
 11847 | D:9      | Gained mutation: You are clumsy. (Dex -2) [potion of
                  | mutation]
 11848 | D:9      | Lost mutation: You are clumsy. (Dex -2) [potion of
                  | mutation]
 11848 | D:9      | Gained mutation: You are dopey. (Int -2) [potion of
                  | mutation]
 11848 | D:9      | Gained mutation: Your system is resistant to poisons.
                  | (rPois) [potion of mutation]
 11848 | D:9      | Gained mutation: Armour fits poorly on your strangely
                  | shaped body. [potion of mutation]
 11849 | D:9      | Lost mutation: Armour fits poorly on your strangely shaped
                  | body. [potion of mutation]
 11849 | D:9      | Lost mutation: You are dopey. (Int -2) [potion of mutation]
 11849 | D:9      | Lost mutation: Your system is resistant to poisons. (rPois)
                  | [potion of mutation]
 11849 | D:9      | Gained mutation: You are agile. (Dex +2) [potion of
                  | mutation]
 11849 | D:9      | Gained mutation: You possess an exceptional clarity of
                  | mind. [potion of mutation]
 11849 | D:9      | Gained mutation: You have a somewhat thin skeletal
                  | structure. (Dex +2, Stealth+) [potion of mutation]
 11894 | D:9      | Learned a level 3 spell: Ignite Poison
 12216 | D:5      | Bought the +0 cloak of the Lair of Beasts {rElec rPois
                  | SInv} for 376 gold pieces
 12553 | D:9      | Noticed Joseph
 12568 | D:9      | Killed Joseph
 12749 | D:10     | Entered Level 10 of the Dungeon
 12772 | D:10     | Found Equmal's Weapon Shop.
 12819 | D:10     | Noticed Sonja
 12826 | D:10     | Killed Sonja
 12831 | D:10     | Reached skill level 1 in Fire Magic
 13122 | D:10     | Reached skill level 11 in Polearms
 13676 | D:11     | Noticed Snorg
 13684 | D:11     | Killed Snorg
 13698 | D:11     | Reached XP level 11. HP: 42/92 MP: 11/21
 13816 | D:11     | Noticed a two-headed ogre
 13835 | D:11     | Killed a two-headed ogre
 14075 | D:11     | Noticed Erolcha
 14098 | D:11     | Noticed a boulder beetle
 14149 | D:11     | Killed a boulder beetle
 14280 | D:11     | Found Ynuabloe's Distillery.
 14490 | D:11     | Noticed a two-headed ogre
 14505 | D:11     | Killed a two-headed ogre
 15000 | D:12     | Learned a level 4 spell: Sticky Flame
 15406 | D:12     | Noticed a boulder beetle
 15430 | D:12     | Killed a boulder beetle
 15541 | D:12     | Reached skill level 12 in Polearms
 15729 | D:12     | You fall into a shaft and drop 1 floor!
 15755 | D:13     | Identified the +9 hand axe of Painful Death {distort, Drain
                  | rElec rPois rN++}
 15838 | D:13     | Noticed a deep elf pyromancer
 15849 | D:13     | Noticed a catoblepas
 15959 | D:13     | Identified the +3 robe of Icin {Fly Regen+ rCorr}
 16360 | D:13     | Noticed a boulder beetle
 16404 | D:13     | Killed a boulder beetle
 16644 | D:13     | Got the Tome of Toxins and Stones
 16760 | D:13     | Killed a deep elf pyromancer
 16895 | D:13     | Killed a catoblepas
 17178 | D:13     | Reached skill level 5 in Dodging
 17372 | D:14     | Reached XP level 12. HP: 104/104 MP: 22/22
 18358 | D:13     | Reached skill level 13 in Polearms
 18582 | D:13     | Reached skill level 10 in Fighting
 18947 | D:14     | Noticed a five-headed hydra
 18966 | D:14     | Killed a two-headed hydra
 19175 | D:14     | Noticed a death knight
 19469 | D:14     | Cast into level 3 of the Abyss (a wizard)
 19568 | Abyss:3  | Noticed a bone dragon
 19611 | Abyss:3  | Paralysed by an air elemental for 1 turns
 19618 | Abyss:3  | Paralysed by an air elemental for 1 turns
 19643 | Abyss:3  | Paralysed by an air elemental for 1 turns
 19651 | Abyss:3  | Paralysed by an air elemental for 1 turns
 19653 | Abyss:3  | Noticed a tentacled starspawn
 19699 | Abyss:3  | Noticed a deep elf elementalist
 19740 | Abyss:3  | Noticed a starcursed mass
 19749 | Abyss:3  | Noticed a blizzard demon
 19750 | Abyss:3  | Noticed a starcursed mass
 19763 | Abyss:3  | Noticed an ancient lich
 19890 | Abyss:3  | Noticed a starcursed mass
 19918 | Abyss:3  | Noticed a starcursed mass
 20143 | Abyss:3  | Noticed a tentacled starspawn
 20160 | Abyss:3  | Killed a tentacled starspawn
 20161 | Abyss:3  | Noticed a great orb of eyes
 20205 | Abyss:3  | Noticed a yellow draconian annihilator
 20208 | Abyss:3  | Noticed an Executioner
 20355 | Abyss:3  | Noticed a bone dragon
 20383 | Abyss:3  | Slain by a bone dragon

Illustrated notes

Levels and vault maps discovered:
D:1:      dpeg_arrival_prison, layout_loops_corners,
          dreamdust_ecumenical_altar_grove
D:2:      minmay_alternating_diamond, layout_basic, serial_shops,
          nicolae_shop_advertising_works [nicolae_subvault_shop_adworks]
D:3:      layout_basic, gup_sewer_entry_glass, minmay_misc_feat_x
D:4:      layout_basic, okawaru_gym_becter
D:5:      layout_basic, doesnt_xom_only_xom, minmay_temple_entry_fiery,
          serial_shops, shop, nicolae_shop_bloodbath_and_beyond, shop,
          dk_vineyard_2, hellmonk_bongcloud_opening, nicolae_shop_gadgets
D:6:      nicolae_cairo_tiling_large, layout_basic,
          mainiacjoe_overflow_six_doors_small, hangedman_abyss_or_decor_stagger,
          uniq_edmund
D:7:      layout_gridville, nicolae_qazlal_scattered_showers,
          nicolae_elyvilon_peaceful_grove, uniq_duvessa
D:8:      cheibrodos_barr_body, layout_layer_cave,
          grunt_lair_entry_orc_guard_hut
D:9:      layout_rooms, mainiacjoe_overflow_tiny_flanked, orc_0_dummy,
          eino_jars, uniq_erica, uniq_joseph
D:10:     layout_gridville, serial_shops, shop_statue, hangedman_decor_opposing,
          kennysheep_windowed_goal, uniq_sonja
D:11:     layout_cave_pods, serial_shops, nicolae_take_the_stairs, uniq_erolcha,
          uniq_snorg
D:12:     layout_roguey
D:13:     layout_stronghold
D:14:     layout_basic, grunt_vaults_entry_tiered, serial_rivers,
          chequers_serial_rivers_small_a, chequers_serial_rivers_small_a,
          chequers_serial_rivers_micro_b, chequers_serial_rivers_small_3,
          hex_medium, nzn_wu_jian_contemplation
Abyss:3:  base: D:13, hangedman_abyss_exit_choices, minivault_26,
          hangedman_abyss_rune_flesh_and_stone, lemuel_flamethrower_3,
          evilmike_abyss_rune_ettins, hangedman_decor_points,
          evilmike_abyss_exit_vortex

Skill      XL: |  1  2  3  4  5  6  7  8  9 10 11 12 |
---------------+-------------------------------------+-----
Polearms       | 2 3 4 5 6 7 9 11 12 13 | 13.3
Stealth        | 1 2 3 |  3.0
Translocations | 3 4 5 |  5.9
Fighting       | 2 3 4 6 7 9 10 | 10.4
Conjurations   | 1 3 4 |  4.7
Spellcasting   | 4 |  4.6
Fire Magic     | 2 |  2.9
Dodging        | 5 7 |  7.1
Throwing       | |  0.8
Armour         | |  0.8

Action                   |  1- 3 |  4- 6 |  7- 9 | 10-12 || total
-------------------------+-------+-------+-------+-------++-------
Melee: Spear             |   144 |   488 |     4 |       ||   636
       Punch             |     1 |     5 |     9 |     1 ||    16
       Short sword       |       |       |   120 |    26 ||   146
       Trident           |       |       |   251 |       ||   251
       Halberd           |       |       |    61 |   747 ||   808
       Scimitar          |       |       |       |     3 ||     3
 Fire: Hunting sling     |    36 |     9 |    23 |       ||    68
Throw: Boomerang         |     3 |    28 |    10 |    31 ||    72
       Dart              |       |       |     6 |    15 ||    21
 Cast: Blink             |       |     2 |     5 |    21 ||    28
       Teleport Other    |       |       |     1 |    10 ||    11
       Mephitic Cloud    |       |       |     2 |    42 ||    44
       Ignite Poison     |       |       |       |    18 ||    18
       Sticky Flame      |       |       |       |     3 ||     3
Evoke: Wand              |       |       |       |     1 ||     1
  Use: Scroll            |       |       |       |    17 ||    17
       Potion            |       |       |       |     7 ||     7
 Stab: Sleeping          |     2 |     1 |    10 |     5 ||    18
       Distracted        |       |       |     1 |     3 ||     4
       Confused          |       |       |     1 |    19 ||    20
Armor: Leather armour    |    25 |    34 |   204 |   185 ||   448
       Scale mail        |       |   174 |       |       ||   174
       Robe              |       |       |       |   101 ||   101
Dodge: Dodged            |    54 |   214 |   360 |   464 ||  1092

Table legend: (Time is in decaauts)
 A = Elapsed time spent in this place.
 B = Non-inter-level travel time spent in this place.
 C = Inter-level travel time spent in this place.
 D = Time resting spent in this place.
 E = Time spent auto-exploring this place.
 F = Levels seen in this place.
 G = Mean time per level.
                   A        B        C        D        E       F      G
               +--------+--------+--------+--------+--------+-----+--------+
         Total |  20309 |  18746 |   1563 |   1871 |  10909 |  16 | 1269.3 |
       Dungeon |  18364 |  16801 |   1563 |   1701 |  10485 |  14 | 1311.7 |
         Abyss |    892 |    892 |      0 |    137 |      0 |   1 |  892.0 |
         Sewer |   1052 |   1052 |      0 |     33 |    423 |   1 | 1052.0 |
               +--------+--------+--------+--------+--------+-----+--------+

Top non-repeatable levels by time:
    D:13: 2506 daAuts
     D:7: 1600 daAuts
     D:2: 1533 daAuts
     D:8: 1507 daAuts
     D:1: 1480 daAuts
    D:11: 1411 daAuts
     D:5: 1399 daAuts
     D:4: 1201 daAuts
     D:6: 1200 daAuts
   Sewer: 1052 daAuts
    D:14: 1044 daAuts
    D:12: 1000 daAuts
     D:3: 968 daAuts
 Abyss:3: 892 daAuts
     D:9: 790 daAuts
